 Dungeon Crawl Stone Soup version 0.26-a0-1129-gc5df7fbe6a (webtiles) character file.

Game seed: 17002646010000227153

3884 tadr28 the Basher (level 10, -2/88 HPs)
             Began as a Minotaur Berserker on Dec 18, 2020.
             Was a High Priest of Trog.
             Hit by a boomerang thrown by an orc warrior (7 damage)
             ... on level 9 of the Dungeon.
             The game lasted 00:29:49 (11718 turns).

tadr28 the Basher (Minotaur Berserker)             Turns: 11718, Time: 00:29:50

Health: -2/88      AC: 13    Str: 27 (28) XL:     10   Next: 0%
Magic:  0/9        EV: 10    Int:  4      God:    Trog [*****.]
Gold:   587        SH:  0    Dex:  8 (9)  Spells: 9/9 levels left

rFire    + . .     SeeInvis .   d - +2 flail (venom)
rCold    . . .     Faith    .   (no shield)
rNeg     + . .     Spirit   +   H - +0 chain mail
rPois    .         Reflect  .   O - +2 hat of the Bear Spirit {Spirit, +Rage rN+ Will++}
rElec    +         Harm     .   (no cloak)
rCorr    .         Rampage  .   (no gloves)
Will     ++...                  (no boots)
Stlth    ..........             (no amulet)
HPRegen  0.24/turn              P - ring "Ewoss" {rElec rF+ Str+2}
MPRegen  0.11/turn              z - ring of stealth

@: mighty, berserk cooldown
A: retaliatory headbutt, horns 2, deterioration 2, wild magic 1
a: Renounce Religion, Evoke Berserk Rage, Berserk, Trog's Hand, Brothers in Arms


You were on level 9 of the Dungeon.
You worshipped Trog.
Trog was extremely pleased with you.
You visited 1 branch of the dungeon, and saw 9 of its levels.

You collected 587 gold pieces.

Inventory:

Hand Weapons
 d - a +2 flail of venom (weapon)
Missiles
 b - 65 bolts
 i - 391 stones
 j - 11 boomerangs
 t - 69 arrows
Armour
 H - a +0 chain mail (worn)
 O - the +2 hat of the Bear Spirit (worn) {Spirit, +Rage rN+ Will++}
   (You found it on level 7 of the Dungeon)

   It protects you from negative energy.
   It affects your willpower, your defense against some magical effects.
   It lets you go berserk.
Magical Staves
 N - an uncursed staff of death {unknown}
Jewellery
 a - an uncursed ring of protection from cold {unknown}
 k - a +4 ring of protection {unknown}
 z - a ring of stealth (right hand)
 P - the ring "Ewoss" (left hand) {rElec rF+ Str+2}
   (You found it on level 7 of the Dungeon)

   [ring of protection from fire]

   It affects your strength (+2).
   It protects you from fire.
   It insulates you from electricity.
Wands
 f - a wand of iceblast (11)
 g - a wand of digging (5)
 s - a wand of enslavement (16)
 u - a wand of polymorph (6)
 K - a wand of acid (6)
 L - a wand of disintegration (12)
Scrolls
 c - 6 scrolls of teleportation
 h - 3 scrolls of identify
 m - a scroll of random uselessness
 n - 2 scrolls of blinking
 p - a scroll of summoning {unknown}
 y - a scroll of fog
 D - a scroll of enchant weapon {unknown}
 G - 2 scrolls of remove curse
 I - a scroll of amnesia
 J - 2 scrolls of enchant armour {unknown}
 M - a scroll of noise {unknown}
Potions
 e - 2 potions of might
 l - a potion of magic
 o - a potion of lignification
 q - 3 potions of attraction {unknown}
 r - a potion of haste {unknown}
 v - 5 potions of mutation
 A - 2 potions of curing {unknown}
 B - a potion of degeneration {unknown}
 F - 2 potions of cancellation {unknown}


   Skills:
 + Level 8.1 Fighting
 + Level 6.5(9.5) Axes
 + Level 10.7(11.4) Maces & Flails
 + Level 8.9 Armour
 + Level 4.1 Dodging
 + Level 1.8 Stealth


You had 9 spell levels left.
You didn't know any spells.
Your spell library was empty.

Dungeon Overview and Level Annotations

Branches:
Dungeon (9/15)
 Temple: D:4-7         Lair: D:8-11         Orc: D:9-12

Altars:
Ashenzari
Cheibriados
Fedhas
Gozag
Hepliaklqana
Nemelex Xobeh
Qazlal
Ru
Trog
Uskayaw


Innate Abilities, Weirdness & Mutations

You reflexively headbutt those who attack you in melee.
You have a pair of horns on your head.
Your body often deteriorates upon taking damage.
Your spells are a little harder to cast, but a little more powerful.


Message History

You feel very mighty all of a sudden.
The orc warrior throws a boomerang.
The boomerang hits you!
Your body deteriorates!
You feel clumsy.
The weapon returns to the orc warrior!
The orc warrior throws a boomerang.
The boomerang hits you!
The weapon returns to the orc warrior!
The orc warrior throws a boomerang.
The boomerang hits you but does no damage.
The weapon returns to the orc warrior!
The orc warrior throws a boomerang.
The boomerang hits you!
* * * LOW HITPOINT WARNING * * *
The weapon returns to the orc warrior!
You feel yourself speed up.
The orc warrior throws a boomerang.
The boomerang hits you!
* * * LOW HITPOINT WARNING * * *
The weapon returns to the orc warrior!
The orc warrior throws a boomerang.
The boomerang hits you but does no damage.
The orc warrior throws a boomerang.
The boomerang hits you!
You die...

....# ... ...
... ######.#
#.@.##.#
###.##.#
###.##.########
#.............#
####.########.#
+### #.รท.# #.#
####..o####o#)#
#.#
.....8ooo))o#.#
##.##
####...######)#
##.#.##


You could see an orc warrior and an orc.

Vanquished Creatures
  Pikel (D:7)
  The ghost of arkorax the Agent of Entropy, an amateur DsAK of Lugonu (D:4)
  Edmund (D:4)
  The ghost of tesseract the Grave Robber, an amateur DsNe (D:4)
  An acid dragon (D:7)
  2 water moccasins
  2 orc warriors (D:9)
  2 ice beasts
  Purgy (D:4)
  2 sky beasts
  A phantom (D:6)
  2 ogres
  2 centaurs
  3 lemures (D:7)
  A big kobold (D:8)
  3 bullfrogs
  4 scorpions
  2 howler monkeys
  3 centaur zombies
  A bullfrog skeleton (D:5)
  4 hounds
  7 orc priests
  2 jellies
  2 orc wizards
  A centaur skeleton (D:8)
  Natasha (thrice) (D:4)
  An iguana (D:4)
  3 worker ants
  A hound skeleton (D:4)
  A worker ant zombie (D:8)
  Robin (D:4)
  4 gnolls
  4 adders
  3 shadow imps (D:8)
  2 white imps (D:5)
  An ufetubus (D:5)
  2 adder skeletons
  2 worms
  4 dart slugs
  6 leopard geckos
  26 orcs
  7 giant cockroaches
  21 hobgoblins
  5 jackals
  21 kobolds
  2 quokkas
  3 ball pythons
  6 bats
  4 frilled lizards
  21 goblins
  A leopard gecko skeleton (D:4)
  2 leopard gecko zombies
  2 quokka zombies
  4 rats
215 creatures vanquished.

Vanquished Creatures (others)
  3 fungi (D:9)
  17 plants
  4 withered plants (D:4)
24 creatures vanquished.

Grand Total: 239 creatures vanquished

Notes
Turn   | Place    | Note
-------+----------+-------------------------------------------
     0 | D:1      | tadr28 the Minotaur Berserker began the quest for the Orb.
     0 | D:1      | Reached XP level 1. HP: 19/19 MP: 0/0
   175 | D:1      | Reached XP level 2. HP: 27/27 MP: 1/1
  1167 | D:1      | Reached XP level 3. HP: 32/33 MP: 2/2
  1213 | D:1      | Reached ** piety under Trog
  1820 | D:2      | Found a broken altar of Ashenzari.
  1823 | D:2      | Found a snail-covered altar of Cheibriados.
  1826 | D:2      | Found a hazy altar of Hepliaklqana.
  2533 | D:2      | Reached XP level 4. HP: 39/41 MP: 3/3
  2981 | D:3      | Reached skill level 5 in Axes
  3349 | D:3      | Found a bloodstained altar of Trog.
  3460 | D:3      | Found a sacrificial altar of Ru.
  3491 | D:3      | Reached XP level 5. HP: 42/47 MP: 4/4
  4530 | D:4      | Noticed Edmund
  4551 | D:4      | Killed Edmund
  4552 | D:4      | Reached skill level 5 in Fighting
  4552 | D:4      | Reached XP level 6. HP: 19/56 MP: 5/5
  5049 | D:4      | Reached skill level 1 in Stealth
  5052 | D:4      | Reached skill level 5 in Armour
  5151 | D:4      | Noticed Robin
  5163 | D:4      | Reached *** piety under Trog
  5168 | D:4      | Killed Robin
  5197 | D:4      | Reached skill level 1 in Maces & Flails
  5391 | D:4      | Noticed Purgy
  5393 | D:4      | Reached XP level 7. HP: 61/61 MP: 6/6
  5408 | D:4      | Killed Purgy
  5409 | D:4      | Reached skill level 2 in Maces & Flails
  5617 | D:4      | Noticed Natasha
  5624 | D:4      | Killed Natasha
  5644 | D:4      | Noticed Natasha
  5652 | D:4      | Killed Natasha
  5653 | D:4      | Reached skill level 3 in Maces & Flails
  5826 | D:4      | Noticed Natasha
  5834 | D:4      | Killed Natasha
  6039 | D:4      | Found a runed translucent gate.
  6039 | D:4      | Found a runed translucent gate.
  6039 | D:4      | Found a runed translucent gate.
  6042 | D:4      | Noticed arkorax's ghost (amateur DsAK)
  6042 | D:4      | Noticed tesseract's ghost (amateur DsNe)
  6252 | D:4      | Killed arkorax's ghost
  6253 | D:4      | Reached skill level 4 in Maces & Flails
  6255 | D:4      | Killed tesseract's ghost
  6504 | D:4      | Gained mutation: Your body sometimes deteriorates upon
                  | taking damage. [potion of mutation]
  6504 | D:4      | Gained mutation: Your body often deteriorates upon taking
                  | damage. [potion of mutation]
  6504 | D:4      | Gained mutation: Your spells are a little harder to cast,
                  | but a little more powerful. [potion of mutation]
  6579 | D:5      | Entered Level 5 of the Dungeon
  6598 | D:5      | Reached XP level 8. HP: 67/70 MP: 7/7
  6640 | D:5      | Reached skill level 5 in Maces & Flails
  7225 | D:5      | Reached **** piety under Trog
  7261 | D:5      | Reached skill level 6 in Maces & Flails
  7552 | D:5      | Found a hide-covered altar of Uskayaw.
  8418 | D:6      | Found a stormy altar of Qazlal.
  8419 | D:6      | Noticed an air elemental
  8557 | D:6      | Reached skill level 7 in Maces & Flails
  9463 | D:7      | Found the +2 hat of the Bear Spirit {Spirit, +Rage rN+
                  | Will++}
  9478 | D:7      | Got a fine steel ring
  9480 | D:7      | Identified the ring "Ewoss" {rElec rF+ Str+2} (You found it
                  | on level 7 of the Dungeon)
  9494 | D:7      | Noticed Pikel
  9515 | D:7      | Killed Pikel
  9516 | D:7      | Reached skill level 8 in Maces & Flails
  9516 | D:7      | Reached XP level 9. HP: 79/79 MP: 6/8
  9683 | D:7      | Found a blossoming altar of Fedhas.
  9765 | D:7      | Reached skill level 9 in Maces & Flails
 10355 | D:8      | Reached ***** piety under Trog
 10511 | D:8      | Reached skill level 10 in Maces & Flails
 10898 | D:8      | Found a sparkling altar of Nemelex Xobeh.
 10898 | D:8      | Found an opulent altar of Gozag.
 11709 | D:9      | Reached XP level 10. HP: 58/88 MP: 7/9
 11716 | D:9      | HP: 4/88 [orc warrior/boomerang (12)]
 11718 | D:9      | Hit by a boomerang thrown by an orc warrior

Illustrated notes

Levels and vault maps discovered:
D:1:      dpeg_arrival_three_bigger_balls, layout_basic
D:2:      layout_loops_corners, grunt_temple_overflow_diamond,
          kennysheep_generic_room_8
D:3:      layout_rooms, lemuel_crystal_altar, lemuel_round_altar,
          wad_floor_pattern_1, grunt_decor_mini_mirrors, grunt_ministairs_13
D:4:      minmay_opposing_rooms, layout_basic, gammafunk_ghost_cemetery,
          uniq_robin, uniq_edmund, uniq_natasha, uniq_purgy
D:5:      corexii_shantytown, layout_loops_ring, basic_altar
D:6:      layout_layer_cave, nicolae_qazlal_style_of_elements
D:7:      layout_basic, fedhas_altar_fruit_tree,
          minmay_temple_entry_from_below_b, uniq_pikel
D:8:      layout_layer_cave, grunt_temple_overflow_opulence
D:9:      layout_loops_cross, grunt_temple_overflow_holy_war,
          chequers_temple_overflow_statue_of_worship, minmay_lair_entry_grove,
          hiddenorc2_lemuel, uniq_erolcha

Skill      XL: |  1  2  3  4  5  6  7  8  9 |
---------------+----------------------------+-----
Axes           | 4 5 6 |  6.5
Fighting       | 4 5 7 8 |  8.1
Armour         | 3 4 5 6 8 |  8.9
Dodging        | 3 4 |  4.1
Stealth        | 1 |  1.8
Maces & Flails | 1 4 8 10 | 10.7

Action                   |  1- 3 |  4- 6 |  7- 9 | 10-12 || total
-------------------------+-------+-------+-------+-------++-------
Melee: Hand axe          |   102 |    66 |       |       ||   168
       Headbutt          |    14 |    21 |    43 |       ||    78
       Flail             |       |    42 |   323 |       ||   365
Invok: Berserk           |       |     3 |     4 |       ||     7
       Trog's Hand       |       |     1 |       |       ||     1
  Use: Scroll            |       |     2 |     7 |       ||     9
       Potion            |       |     2 |     2 |     2 ||     6
Armor: Animal skin       |    15 |       |       |       ||    15
       Ring mail         |     7 |    28 |    40 |       ||    75
       Chain mail        |       |       |    73 |     2 ||    75
Dodge: Dodged            |    59 |    60 |   181 |     1 ||   301

Table legend: (Time is in decaauts)
 A = Elapsed time spent in this place.
 B = Non-inter-level travel time spent in this place.
 C = Inter-level travel time spent in this place.
 D = Time resting spent in this place.
 E = Time spent auto-exploring this place.
 F = Levels seen in this place.
 G = Mean time per level.
                   A        B        C        D        E       F      G
               +--------+--------+--------+--------+--------+-----+--------+
         Total |  11778 |  11399 |    379 |   1982 |   7777 |   9 | 1308.7 |
       Dungeon |  11778 |  11399 |    379 |   1982 |   7777 |   9 | 1308.7 |
               +--------+--------+--------+--------+--------+-----+--------+

Top non-repeatable levels by time:
     D:4: 2123 daAuts
     D:1: 1805 daAuts
     D:5: 1553 daAuts
     D:3: 1540 daAuts
     D:6: 1333 daAuts
     D:2: 1170 daAuts
     D:8: 1166 daAuts
     D:7: 791 daAuts
     D:9: 294 daAuts
